 Dungeon Crawl Stone Soup version 0.29-a0-284-gf9362112df (webtiles) character file.

Game seed: 8447680117076052102

88 GigaChad the Skirmisher (level 4, -2/35 HPs)
             Began as a Demonspawn Abyssal Knight on Apr 1, 2022.
             Was a Priest of Lugonu.
             Slain by a goblin
             ... wielding a +0 dagger
             ... led by Robin
              (3 damage)
             ... on level 3 of the Dungeon.
             The game lasted 00:08:43 (1519 turns).

GigaChad the Skirmisher (Demonspawn Abyssal Knight) Turns: 1519, Time: 00:08:48

Health: -2/35      AC:  7    Str: 13    XL:     4   Next: 29%
Magic:  5/5        EV: 10    Int: 12    God:    Lugonu [***...]
Gold:   112        SH:  0    Dex: 15    Spells: 3/3 levels left

rFire   x . .      SeeInvis .   h - +0 great mace
rCold   + . .      Faith    .   (shield currently unavailable)
rNeg    . . .      Spirit   .   l - +0 ring mail
rPois   +          Reflect  .   (no helmet)
rElec   .          Harm     .   (no cloak)
rCorr   .          Rampage  .   (no gloves)
Will    .....                   (no boots)
Stlth   +.........              (no amulet)
HPRegen 0.11/turn               e - ring of poison resistance
MPRegen 0.09/turn               k - ring of ice

@: no status effects
A: hooves 1, icy blue scales 1, powered by pain 1
a: Renounce Religion, Depart the Abyss, Bend Space, Banish


You were on level 3 of the Dungeon.
You worshipped Lugonu.
Lugonu was most pleased with you.
You visited 1 branch of the dungeon, and saw 3 of its levels.
You visited the Abyss 1 time.

You collected 112 gold pieces.

Inventory:

Hand Weapons
 a - a +1 falchion
 c - a +0 hand axe
 f - a +0 rapier
 h - a +0 great mace (weapon)
 i - a +0 hand axe
 n - a +2 dagger of flaming
Armour
 b - a +0 leather armour
 l - a +0 ring mail (worn)
Jewellery
 e - a ring of poison resistance (left hand)
 k - a ring of ice (right hand)
Potions
 d - a potion of attraction {unknown}
 g - a potion of berserk rage
 j - a potion of lignification {unknown}
 m - a potion of cancellation {unknown}
 o - a potion of heal wounds {unknown}


   Skills:
 + Level 3.4 Fighting
 + Level 3.0 Long Blades
 + Level 0.3 Maces & Flails
 + Level 2.5 Armour
 + Level 1.3 Dodging
 + Level 2.6 Invocations


You had 3 spell levels left.
You didn't know any spells.
Your spell library contained the following spells:

 Spells                   Type           Power      Damage    Failure   Level
 Magic Dart               Conj           0%         1d3       56%         1
 Searing Ray              Conj           0%         2d4       71%         2
 Fulminant Prism          Conj/Hex       0%         3d6       100%        4


Dungeon Overview and Level Annotations

Branches:
Dungeon (3/15)

Altars:

Shops:
D:3 (

Annotations:
D:3 Robin


Innate Abilities, Weirdness & Mutations

You have large cloven feet.
You are partially covered in icy blue scales. (AC +2)
You sometimes gain a little power by taking damage.


Message History

The goblin attacks as you move away! The goblin closely misses you.
The goblin hits you but does no damage.
Robin roars a battlecry!
The goblin attacks as you move away! The goblin hits you but does no damage.
The goblin no longer looks unusually strong.
The goblin attacks as you move away! The goblin hits you but does no damage.
The goblin attacks as you move away! The goblin hits you with a +0 club.
The goblin barely misses you. The goblin attacks as you move away!
The goblin hits you but does no damage. The goblin barely misses you.
Robin roars a battlecry!
The goblin goes into a battle-frenzy!
There is a stone staircase leading up here.
The goblin attacks as you move away! The goblin hits you with a +0 club.
* * * LOW HITPOINT WARNING * * *
The goblin attacks as you move away! The goblin barely misses you.
The goblin no longer looks unusually strong.
Robin roars a battlecry!
The goblin goes into a battle-frenzy!
The goblin no longer looks unusually strong.
The goblin attacks as you move away! The goblin barely misses you.
The hobgoblin no longer looks unusually strong.
The goblin attacks as you move away! The goblin hits you but does no damage.
Found Bibeahimp's Weapon Shoppe.
You thump the goblin!
You kill the goblin!
Lugonu accepts your kill. The hobgoblin hits you.
You hit the hobgoblin but do no damage. The goblin hits you but does no damage.
The hobgoblin hits you.
* * * LOW HITPOINT WARNING * * *
Robin roars a battlecry!
The goblins go into a battle-frenzy!
You closely miss the hobgoblin. The goblin closely misses you.
The goblin hits you with a +0 dagger.
* * * LOW HITPOINT WARNING * * *
The hobgoblin hits you.
* * * LOW HITPOINT WARNING * * *
The goblin hits you with a +0 dagger.
You die...

#.... #. #.#....#....#
#. #.#....#....# #.
#.#....#.... #.
####......#....####.
#...........#+#..... ≈
+...........#.#.###.
≈≈≈≈#...g.......#.#...#.
≈∩.....@gS.g.g...S....#.
≈≈≈≈####g.#####.#.......
≈ ................>..
#####.#############S #.#
#. #.# #. #.# #g #.# #.
#g


You could see Robin, an adder, a hobgoblin (strong) and 3 goblins.

Vanquished Creatures
  3 adders (D:2)
  3 worms (D:2)
  A dart slug (D:2)
  10 ball pythons
  6 endoplasms
  4 giant cockroaches
  4 goblins
  4 hobgoblins
  2 kobolds
  3 quokkas
  2 bats
  3 frilled lizards
  3 rats (D:1)
48 creatures vanquished.

Notes
Turn   | Place    | Note
-------+----------+-------------------------------------------
     0 | Abyss:1  | GigaChad the Demonspawn Abyssal Knight began the quest for
                  | the Orb.
     0 | Abyss:1  | Reached XP level 1. HP: 18/18 MP: 2/2
    36 | D:1      | Escaped the Abyss
   165 | D:1      | Gained mutation: You are partially covered in icy blue
                  | scales. (AC +2) [demonic ancestry]
   165 | D:1      | Reached XP level 2. HP: 17/24 MP: 3/3
   206 | D:1      | Reached skill level 1 in Dodging
   453 | D:1      | Found a faded altar of an unknown god.
   598 | D:1      | Reached *** piety under Lugonu
   748 | D:2      | Gained mutation: You have large cloven feet. [demonic
                  | ancestry]
   748 | D:2      | Reached XP level 3. HP: 28/29 MP: 4/4
  1127 | D:2      | Gained mutation: You sometimes gain a little power by
                  | taking damage. [demonic ancestry]
  1127 | D:2      | Reached XP level 4. HP: 11/35 MP: 5/5
  1486 | D:3      | Noticed Robin
  1515 | D:3      | Found Bibeahimp's Weapon Shoppe.
  1519 | D:3      | HP: 1/35 [hobgoblin[Robin] (5)]
  1519 | D:3      | Slain by a goblin

Illustrated notes

Levels and vault maps discovered:
D:1:      elethiomel_arrival_shortcut, layout_loops_ring,
          ebering_ecumenical_altar_hall
D:2:      layout_basic
D:3:      minmay_diamond_boxcup, layout_basic, serial_shops,
          nicolae_shop_hallway_stairs, nicolae_shop_waterfront, shop,
          nicolae_shop_trees, uniq_robin

Skill      XL: |  1  2  3  4 |
---------------+-------------+-----
Long Blades    | 2 3 |  3.0
Armour         | 2 |  2.5
Dodging        | 1 |  1.3
Fighting       | |  3.4
Maces & Flails | |  0.3
Invocations    | |  2.6

Action                   |  1- 3 |  4- 6 || total
-------------------------+-------+-------++-------
Melee: Falchion          |    86 |       ||    86
       Great mace        |    26 |    22 ||    48
       Kick              |     9 |     6 ||    15
  Use: Scroll            |     3 |     1 ||     4
Armor: Leather armour    |    27 |       ||    27
       Ring mail         |    40 |    29 ||    69
Dodge: Dodged            |   102 |    45 ||   147

Table legend: (Time is in decaauts)
 A = Elapsed time spent in this place.
 B = Non-inter-level travel time spent in this place.
 C = Inter-level travel time spent in this place.
 D = Time resting spent in this place.
 E = Time spent auto-exploring this place.
 F = Levels seen in this place.
 G = Mean time per level.
                   A        B        C        D        E       F      G
               +--------+--------+--------+--------+--------+-----+--------+
         Total |   1565 |   1565 |      0 |      0 |      0 |   4 |  391.2 |
       Dungeon |   1529 |   1529 |      0 |      0 |      0 |   3 |  509.7 |
         Abyss |     36 |     36 |      0 |      0 |      0 |   1 |   36.0 |
               +--------+--------+--------+--------+--------+-----+--------+

Top non-repeatable levels by time:
     D:2: 766 daAuts
     D:1: 705 daAuts
     D:3: 57 daAuts
 Abyss:1: 36 daAuts
